[Event "39th Olympiad Khanty-Mansiysk 2010"]
[Site "Khanty-Mansiysk/Russia"]
[Date "2010.09.21"]
[Round "1"]
[White "Hammer, Jon Ludvig"]
[Black "Elliott, Warren"]
[Result "1-0"]
[WhiteElo "2633"]
[BlackElo "2254"]
[PlyCount "97"]
[EventDate "2010.??.??"]
[WhiteTeam "Norway"]
[BlackTeam "Jamaica"]
[WhiteTeamCountry "NOR"]
[BlackTeamCountry "JAM"]
[TimeControl "40/5400+30:1800+30"]

1. Nf3 e6 2. c4 f5 3. g3 Nf6 4. Bg2 Be7 5. O-O O-O 6. Nc3 d6 7. d4 a5 8. Re1
Ne4 9. Qc2 Nc6 10. Nxe4 Nb4 11. Qb1 fxe4 12. Qxe4 e5 13. g4 exd4 14. a3 Nc6 15.
e3 dxe3 16. Bxe3 Bf6 17. Ng5 Bxg5 18. Qd5+ Be6 19. Bxg5 Bxd5 20. Bxd5+ Kh8 21.
Bxd8 Raxd8 22. Bxc6 bxc6 23. Re7 Rf4 24. h3 Rxc4 25. Rae1 h6 26. Rxc7 Rc2 27.
Ree7 Rf8 28. Rxg7 Rfxf2 29. Rge7 Kg8 30. Rxc6 Rg2+ 31. Kf1 Rxc6 32. Kxg2 Rc2+
33. Kg3 Rxb2 34. Kh4 Rb3 35. a4 Rb4 36. Re6 d5 37. Rxh6 Rxa4 38. Rd6 Rd4 39.
Kg5 Kf7 40. h4 a4 41. h5 a3 42. Ra6 Rd3 43. h6 Rb3 44. Ra7+ Kg8 45. Kg6 Rb6+
46. Kh5 Rb3 47. g5 Rb8 48. h7+ Kh8 49. Kh6 1-0

[Event "39th Olympiad Khanty-Mansiysk 2010"]
[Site "Khanty-Mansiysk/Russia"]
[Date "2010.09.21"]
[Round "1"]
[White "Rodshtein, Maxim"]
[Black "Abdul, Moula Sabri"]
[Result "*"]
[WhiteElo "2632"]
[BlackElo "2189"]
[PlyCount "28"]
[EventDate "2010.??.??"]
[WhiteTeam "Israel"]
[BlackTeam "Yemen"]
[WhiteTeamCountry "ISR"]
[BlackTeamCountry "YEM"]
[TimeControl "40/5400+30:1800+30"]

1. d4 Nf6 2. c4 g6 3. Nc3 d5 4. cxd5 Nxd5 5. e4 Nxc3 6. bxc3 Bg7 7. Ba3 O-O 8.
Rc1 b6 9. Nf3 c5 10. Bc4 Nc6 11. Bd5 Qc7 12. O-O e6 13. Bc4 Bb7 14. Qe2 Rfd8 *

[Event "39th Olympiad Khanty-Mansiysk 2010"]
[Site "Khanty-Mansiysk/Russia"]
[Date "2010.09.21"]
[Round "1"]
[White "Miton, Kamil"]
[Black "Jeitz, Christian"]
[Result "1-0"]
[WhiteElo "2629"]
[BlackElo "2235"]
[PlyCount "57"]
[EventDate "2010.??.??"]
[WhiteTeam "Poland"]
[BlackTeam "Luxembourg"]
[WhiteTeamCountry "POL"]
[BlackTeamCountry "LUX"]
[TimeControl "40/5400+30:1800+30"]

1. Nf3 Nf6 2. c4 g6 3. Nc3 d5 4. Qa4+ Bd7 5. Qb3 dxc4 6. Qxc4 Bg7 7. e4 O-O 8.
e5 Ng4 9. d4 a6 10. Be2 b5 11. Qc5 c6 12. a4 bxa4 13. O-O Re8 14. Nxa4 a5 15.
Nb6 Ra7 16. Nxd7 Rxd7 17. e6 fxe6 18. Bc4 Rd5 19. Bxd5 exd5 20. Bf4 e5 21. Nxe5
Nxe5 22. Bxe5 Bxe5 23. dxe5 Rxe5 24. Rfe1 Qe8 25. Qxa5 Nd7 26. Rxe5 Qxe5 27.
Qa8+ Nb8 28. Qb7 d4 29. h3 1-0

[Event "39th Olympiad Khanty-Mansiysk 2010"]
[Site "Khanty-Mansiysk/Russia"]
[Date "2010.09.21"]
[Round "1"]
[White "Ragger, Markus"]
[Black "Colindres, Daniel"]
[Result "1-0"]
[WhiteElo "2628"]
[BlackElo "2233"]
[PlyCount "51"]
[EventDate "2010.??.??"]
[WhiteTeam "Austria"]
[BlackTeam "Honduras"]
[WhiteTeamCountry "AUT"]
[BlackTeamCountry "HON"]
[TimeControl "40/5400+30:1800+30"]

1. d4 Nf6 2. c4 c5 3. d5 d6 4. Nc3 g6 5. e4 b5 6. cxb5 a6 7. Nf3 Bg7 8. Be2 O-O
9. O-O axb5 10. Bxb5 Ba6 11. Re1 Bxb5 12. Nxb5 Qb6 13. a4 Nbd7 14. Bd2 c4 15.
Be3 Nc5 16. Nd2 Qa5 17. Bxc5 dxc5 18. Nxc4 Qb4 19. Qc2 Rfb8 20. Ne5 Nxe4 21.
Nc6 Qxb2 22. Qxb2 Bxb2 23. Rab1 Rb6 24. Rxe4 f5 25. Rc4 Bf6 26. a5 1-0

[Event "39th Olympiad Khanty-Mansiysk 2010"]
[Site "Khanty-Mansiysk/Russia"]
[Date "2010.09.21"]
[Round "1"]
[White "Predojevic, Borki"]
[Black "Joseph, Marcus"]
[Result "1-0"]
[WhiteElo "2624"]
[BlackElo "2146"]
[PlyCount "73"]
[EventDate "2010.??.??"]
[WhiteTeam "Bosnia  Herzegovina"]
[BlackTeam "Trinidad and Tobago"]
[WhiteTeamCountry "BIH"]
[BlackTeamCountry "TRI"]
[TimeControl "40/5400+30:1800+30"]

1. e4 c5 2. Nf3 d6 3. d4 cxd4 4. Nxd4 Nf6 5. Nc3 a6 6. h3 e6 7. g4 d5 8. exd5
Nxd5 9. Bd2 Be7 10. Bg2 Nxc3 11. Bxc3 O-O 12. Qe2 Qc7 13. O-O-O Bd7 14. f4 Nc6
15. Kb1 Rfe8 16. Nf3 Red8 17. Ne5 Be8 18. f5 Bf6 19. Rxd8 Nxd8 20. Re1 Rc8 21.
Bd4 Bb5 22. Qd2 Bg5 23. Qc3 Qb8 24. Qb4 f6 25. fxe6 fxe5 26. Bxe5 Qa8 27. e7
Nc6 28. Qb3+ Kh8 29. Bxc6 Bxc6 30. Qf7 Rg8 31. Bxg7+ Rxg7 32. e8=Q+ Bxe8 33.
Rxe8+ Qxe8 34. Qxe8+ Rg8 35. Qe5+ Rg7 36. Qb8+ Rg8 37. Qxb7 1-0

[Event "39th Olympiad Khanty-Mansiysk 2010"]
[Site "Khanty-Mansiysk/Russia"]
[Date "2010.09.21"]
[Round "1"]
[White "Kazhgaleyev, Murtas"]
[Black "Lopez, Jasel"]
[Result "1-0"]
[WhiteElo "2620"]
[BlackElo "2101"]
[PlyCount "58"]
[EventDate "2010.??.??"]
[WhiteTeam "Kazakhstan"]
[BlackTeam "ARU"]
[WhiteTeamCountry "KAZ"]
[TimeControl "40/5400+30:1800+30"]

1. d4 Nf6 2. c4 e6 3. Nf3 b6 4. g3 Bb7 5. Bg2 Bb4+ 6. Bd2 Bxd2+ 7. Qxd2 O-O 8.
Nc3 d6 9. Qc2 Nbd7 10. O-O Qe7 11. Rad1 c5 12. e4 cxd4 13. Nxd4 a6 14. Rfe1
Rac8 15. b3 Rc7 16. Qd2 Rfc8 17. Na4 Ba8 18. Qb4 Nc5 19. Nc3 Nfd7 20. Rd2 Qf6
21. Nde2 Ne5 22. Qxb6 Rc6 23. Qa5 Ng4 24. f4 Qh6 25. h4 e5 26. Nd5 Re8 27. Ne7+
Kf8 28. Nf5 Qf6 29. Rxd6 Qd8 1-0

[Event "39th Olympiad Khanty-Mansiysk 2010"]
[Site "Khanty-Mansiysk/Russia"]
[Date "2010.09.21"]
[Round "1"]
[White "Vuckovic, Bojan"]
[Black "Gentilleau, Jean-Philippe"]
[Result "1-0"]
[WhiteElo "2615"]
[BlackElo "2182"]
[PlyCount "55"]
[EventDate "2010.??.??"]
[WhiteTeam "SRB"]
[BlackTeam "Monaco"]
[BlackTeamCountry "MNC"]
[TimeControl "40/5400+30:1800+30"]

1. e4 c5 2. Nf3 d6 3. d4 cxd4 4. Nxd4 Nf6 5. Nc3 Nc6 6. Bg5 e6 7. Qd2 Be7 8.
O-O-O O-O 9. f4 Nxd4 10. Qxd4 Qa5 11. Bc4 Bd7 12. e5 dxe5 13. fxe5 Bc6 14. Bd2
Nd7 15. Nd5 Qc5 16. Nxe7+ Qxe7 17. Rhe1 Nb6 18. Bf1 Rfd8 19. Qg4 Rac8 20. Kb1
Qc5 21. Bd3 Na4 22. Bc1 Qb6 23. Ka1 Bb5 24. Be3 Qa5 25. Bh6 g6 26. Qh4 Nc3 27.
a3 Nd5 28. Bxb5 1-0

[Event "39th Olympiad Khanty-Mansiysk 2010"]
[Site "Khanty-Mansiysk/Russia"]
[Date "2010.09.21"]
[Round "1"]
[White "Quesada Perez, Yuniesky"]
[Black "Steadman, Michael"]
[Result "1-0"]
[WhiteElo "2614"]
[BlackElo "2309"]
[PlyCount "57"]
[EventDate "2010.??.??"]
[WhiteTeam "Cuba"]
[BlackTeam "New Zealand"]
[WhiteTeamCountry "CUB"]
[BlackTeamCountry "NZL"]
[TimeControl "40/5400+30:1800+30"]

1. e4 e6 2. d4 d5 3. Nc3 Nf6 4. e5 Nfd7 5. f4 c5 6. Nf3 Nc6 7. Be3 a6 8. Qd2 b5
9. dxc5 Bxc5 10. Ne2 Qb6 11. Bxc5 Nxc5 12. Ned4 Bd7 13. O-O-O O-O 14. Kb1 b4
15. Bd3 a5 16. g4 f6 17. Rhe1 a4 18. Nxc6 Bxc6 19. f5 b3 20. fxe6 bxa2+ 21. Ka1
Rab8 22. Qc3 a3 23. b3 fxe5 24. Nxe5 Rbc8 25. Bxh7+ Kxh7 26. Qh3+ Kg8 27. Ng6
Nxe6 28. Rxe6 Qc5 29. Re7 1-0

[Event "39th Olympiad Khanty-Mansiysk 2010"]
[Site "Khanty-Mansiysk/Russia"]
[Date "2010.09.21"]
[Round "1"]
[White "Guseinov, Gadir"]
[Black "Steel, Henry Robert"]
[Result "1-0"]
[WhiteElo "2611"]
[BlackElo "2300"]
[PlyCount "87"]
[EventDate "2010.??.??"]
[WhiteTeam "Azerbaijan"]
[BlackTeam "South Africa"]
[WhiteTeamCountry "AZE"]
[BlackTeamCountry "RSA"]
[TimeControl "40/5400+30:1800+30"]

1. e4 c5 2. Nf3 e6 3. d4 cxd4 4. Nxd4 Nc6 5. Nc3 Qc7 6. g3 a6 7. Bg2 d6 8. O-O
Bd7 9. Nb3 Nf6 10. f4 Be7 11. Be3 b5 12. a3 O-O 13. g4 h6 14. h4 e5 15. f5 h5
16. gxh5 b4 17. Nd5 Nxd5 18. exd5 Na5 19. Nxa5 Qxa5 20. Qg4 Kh8 21. axb4 Qc7
22. c3 Qd8 23. Bg5 Bf6 24. Rf3 Rg8 25. Raf1 a5 26. bxa5 Rxa5 27. Rg3 Ra4 28. b4
Ra3 29. h6 Bxg5 30. hxg7+ Rxg7 31. hxg5 Rh7 32. Rh3 Rxh3 33. Qxh3+ Kg8 34. Qg3
Bb5 35. Rf3 Ra2 36. Qh4 Ra1+ 37. Kh2 Qb6 38. g6 Qg1+ 39. Kh3 fxg6 40. Qd8+ Kg7
41. f6+ Kh7 42. Qe7+ Kh6 43. Qg7+ Kg5 44. Rg3+ 1-0

[Event "39th Olympiad Khanty-Mansiysk 2010"]
[Site "Khanty-Mansiysk/Russia"]
[Date "2010.09.21"]
[Round "1"]
[White "Rozentalis, Eduardas"]
[Black "Dekker, Marvin"]
[Result "1-0"]
[WhiteElo "2611"]
[BlackElo "2097"]
[PlyCount "56"]
[EventDate "2010.??.??"]
[WhiteTeam "Lithuania"]
[BlackTeam "Netherlands Antilles"]
[WhiteTeamCountry "LTU"]
[BlackTeamCountry "AHO"]
[TimeControl "40/5400+30:1800+30"]

1. d4 Nf6 2. Nf3 b6 3. c4 Bb7 4. Nc3 e6 5. Bg5 Be7 6. Qc2 d5 7. cxd5 exd5 8. e3
Nbd7 9. Bd3 Nb8 10. Bf1 Nbd7 11. Bd3 h6 12. Bxf6 Nxf6 13. g4 Nxg4 14. Rg1 h5
15. h3 Nf6 16. Rxg7 Kf8 17. Rg2 Rg8 18. Rxg8+ Kxg8 19. O-O-O Bb4 20. Rg1+ Kf8
21. Ne5 Bxc3 22. Qxc3 Qd6 23. Rh1 Qd8 24. Bf1 Ke8 25. Nf3 Nd7 26. Bd3 Nf6 27.
Rg1 Kf8 28. Rg8+ Kxg8 1-0

[Event "39th Olympiad Khanty-Mansiysk 2010"]
[Site "Khanty-Mansiysk/Russia"]
[Date "2010.09.21"]
[Round "1"]
[White "Filippov, Anton"]
[Black "Antoniou, Antonis"]
[Result "1-0"]
[WhiteElo "2609"]
[BlackElo "2172"]
[PlyCount "75"]
[EventDate "2010.??.??"]
[WhiteTeam "Uzbekistan"]
[BlackTeam "Cyprus"]
[WhiteTeamCountry "UZB"]
[BlackTeamCountry "CYP"]
[TimeControl "40/5400+30:1800+30"]

1. e4 e5 2. Nf3 Nc6 3. Bb5 Nf6 4. O-O Nxe4 5. d4 Nd6 6. Bxc6 dxc6 7. dxe5 Nf5
8. Qxd8+ Kxd8 9. Nc3 Ne7 10. h3 h6 11. Ne4 Bf5 12. Re1 b6 13. g4 Be6 14. Nd4 c5
15. Nxe6+ fxe6 16. Bf4 Kd7 17. Rad1+ Kc6 18. Bg3 Ng6 19. f4 Be7 20. f5 Nh4 21.
Rf1 exf5 22. gxf5 Bg5 23. c4 Rad8 24. Rxd8 Rxd8 25. Nxg5 hxg5 26. f6 gxf6 27.
Bxh4 gxh4 28. exf6 Rf8 29. Rf4 Kd6 30. Kf2 Ke5 31. Kf3 c6 32. f7 b5 33. Kg4
bxc4 34. Kg5 a5 35. Rf1 Kd4 36. Kf6 c3 37. Rd1+ Kc4 38. Rc1 1-0

[Event "39th Olympiad Khanty-Mansiysk 2010"]
[Site "Khanty-Mansiysk/Russia"]
[Date "2010.09.21"]
[Round "1"]
[White "Kozul, Zdenko"]
[Black "Lorenzana, Wilson Estuard"]
[Result "1-0"]
[WhiteElo "2604"]
[BlackElo "2206"]
[PlyCount "58"]
[EventDate "2010.??.??"]
[WhiteTeam "Croatia"]
[BlackTeam "Guatemala"]
[WhiteTeamCountry "CRO"]
[BlackTeamCountry "GUA"]
[TimeControl "40/5400+30:1800+30"]

1. d4 Nf6 2. Nf3 g6 3. c4 Bg7 4. Nc3 O-O 5. e4 d6 6. Be2 Nbd7 7. O-O e5 8. Qc2
Nh5 9. Rd1 Nf4 10. Bf1 c5 11. d5 Nb6 12. h3 Bd7 13. Re1 Nc8 14. Kh2 h6 15. g3
Nh5 16. Be2 Nf6 17. Rb1 Nh7 18. b4 b6 19. bxc5 dxc5 20. Nh4 Ng5 21. Bf1 f5 22.
Bg2 Qf6 23. f4 exf4 24. e5 fxg3+ 25. Kh1 Qf7 26. e6 Qf6 27. exd7 Nxh3 28. Nf3
Nf2+ 29. Kg1 Qxc3 1-0

[Event "39th Olympiad Khanty-Mansiysk 2010"]
[Site "Khanty-Mansiysk/Russia"]
[Date "2010.09.21"]
[Round "1"]
[White "Lenic, Luka"]
[Black "Gemy, Jose Daniel"]
[Result "1-0"]
[WhiteElo "2603"]
[BlackElo "2325"]
[PlyCount "101"]
[EventDate "2010.??.??"]
[WhiteTeam "Slovenia"]
[BlackTeam "Bolivia"]
[WhiteTeamCountry "SLO"]
[BlackTeamCountry "BOL"]
[TimeControl "40/5400+30:1800+30"]

1. d4 Nf6 2. Nf3 e6 3. c4 b6 4. a3 Bb7 5. Nc3 d5 6. cxd5 Nxd5 7. Qc2 Be7 8. e4
Nxc3 9. bxc3 O-O 10. Bd3 c5 11. O-O Nc6 12. d5 exd5 13. exd5 Qxd5 14. Bxh7+ Kh8
15. Rd1 Qh5 16. Be4 Rad8 17. Bb2 f5 18. Rxd8 Bxd8 19. Bd5 Nd4 20. cxd4 Bxd5 21.
Ne5 cxd4 22. Bxd4 Bf6 23. f3 Re8 24. Re1 Bxe5 25. Bxe5 Kh7 26. Qd3 Bc6 27. Qd4
Qf7 28. Rc1 Re6 29. Qf4 Rg6 30. Qh4+ Rh6 31. Qf4 Rg6 32. Qh4+ Rh6 33. Qf2 Qd5
34. Bb2 Rg6 35. Kh1 Re6 36. h3 Rh6 37. Qg3 Rg6 38. Qf2 Rh6 39. Qg3 Rg6 40. Qh4+
Rh6 41. Qf4 Rg6 42. Re1 Re6 43. Be5 Qd3 44. h4 Be8 45. Kh2 Rg6 46. h5 Rh6 47.
Bxg7 Rxh5+ 48. Kg1 Bf7 49. Bd4 Qb5 50. Qg3 Bg6 51. Qc7+ 1-0

[Event "39th Olympiad Khanty-Mansiysk 2010"]
[Site "Khanty-Mansiysk/Russia"]
[Date "2010.09.21"]
[Round "1"]
[White "Gopal, Geetha"]
[Black "Bennett, Alan"]
[Result "1-0"]
[WhiteElo "2603"]
[BlackElo "2154"]
[PlyCount "79"]
[EventDate "2010.??.??"]
[WhiteTeam "India"]
[BlackTeam "Wales"]
[WhiteTeamCountry "IND"]
[BlackTeamCountry "WLS"]
[TimeControl "40/5400+30:1800+30"]

1. e4 c5 2. Nf3 Nc6 3. Bb5 d6 4. O-O Bd7 5. c3 Nf6 6. Re1 a6 7. Ba4 g6 8. d4
cxd4 9. cxd4 Bg7 10. e5 dxe5 11. dxe5 Ng4 12. Bf4 Qa5 13. Nc3 Rd8 14. Qe2 O-O
15. a3 Bc8 16. Bxc6 bxc6 17. h3 Nh6 18. g4 Qb6 19. Rad1 Kh8 20. Be3 Qc7 21. Na4
Rxd1 22. Rxd1 Qa5 23. Nc5 f5 24. exf6 exf6 25. Bd4 Qc7 26. Re1 a5 27. Kg2 Qf4
28. Qe3 Qxe3 29. Rxe3 f5 30. g5 Bxd4 31. Nxd4 Nf7 32. f4 Nd6 33. Kg3 Nc4 34.
Re2 Rd8 35. Nxc6 Rg8 36. a4 h6 37. h4 hxg5 38. hxg5 Kg7 39. b3 Nd6 40. Nxa5 1-0

[Event "39th Olympiad Khanty-Mansiysk 2010"]
[Site "Khanty-Mansiysk/Russia"]
[Date "2010.09.21"]
[Round "1"]
[White "Pantsulaia, Levan"]
[Black "Teerapabpaisit, Wisuwat"]
[Result "1-0"]
[WhiteElo "2599"]
[BlackElo "2310"]
[PlyCount "50"]
[EventDate "2010.??.??"]
[WhiteTeam "Georgia"]
[BlackTeam "Thailand"]
[WhiteTeamCountry "GEO"]
[BlackTeamCountry "THA"]
[TimeControl "40/5400+30:1800+30"]

1. Nf3 Nf6 2. c4 d6 3. g3 g6 4. Bg2 Bg7 5. O-O O-O 6. Nc3 c6 7. d4 Qb6 8. b3 e5
9. e3 Re8 10. Ba3 Bg4 11. Qc2 e4 12. Nd2 d5 13. Rfc1 Na6 14. Qb2 h5 15. b4 Qd8
16. b5 Nc7 17. Rab1 Rb8 18. bxc6 bxc6 19. Qxb8 Qxb8 20. Rxb8 Rxb8 21. cxd5 cxd5
22. Bd6 Rb7 23. Ncxe4 Nxe4 24. Nxe4 Ne8 25. Nc5 Nxd6 1-0

[Event "39th Olympiad Khanty-Mansiysk 2010"]
[Site "Khanty-Mansiysk/Russia"]
[Date "2010.09.21"]
[Round "1"]
[White "Gagunashvili, Merab"]
[Black "Pitirotjirathon, Jirapak"]
[Result "*"]
[WhiteElo "2598"]
[BlackElo "2299"]
[PlyCount "37"]
[EventDate "2010.??.??"]
[WhiteTeam "Georgia"]
[BlackTeam "Thailand"]
[WhiteTeamCountry "GEO"]
[BlackTeamCountry "THA"]
[TimeControl "40/5400+30:1800+30"]

1. d4 Nf6 2. c4 e6 3. Nf3 c5 4. d5 d6 5. Nc3 exd5 6. cxd5 g6 7. h3 Bg7 8. e4 a6
9. a4 Nbd7 10. Bd3 Nh5 11. O-O Ne5 12. Be2 Nxf3+ 13. Bxf3 Qh4 14. Bxh5 gxh5 15.
Ra3 Rg8 16. Ne2 Be5 17. Kh1 Qxe4 18. Nf4 Bf5 19. Re1 *

[Event "39th Olympiad Khanty-Mansiysk 2010"]
[Site "Khanty-Mansiysk/Russia"]
[Date "2010.09.21"]
[Round "1"]
[White "Kett, Tim"]
[Black "Harikrishna, Pentala"]
[Result "1-0"]
[WhiteElo "2598"]
[BlackElo "2299"]
[PlyCount "53"]
[EventDate "2010.??.??"]
[WhiteTeam "Georgia"]
[BlackTeam "Thailand"]
[WhiteTeamCountry "GEO"]
[BlackTeamCountry "THA"]
[TimeControl "40/5400+30:1800+30"]

1. d4 d5 2. c4 c6 3. Nf3 Nf6 4. Nc3 a6 5. a4 e6 6. Bg5 Nbd7 7. a5 h6 8. Bxf6
Qxf6 9. e3 g6 10. Bd3 Bg7 11. O-O Qd8 12. e4 dxc4 13. Bxc4 O-O 14. b4 e5 15. d5
c5 16. Qb3 cxb4 17. Qxb4 Re8 18. Rfd1 Bf8 19. d6 Nb8 20. Qb3 Be6 21. Nxe5 Bxc4
22. Nxc4 Nd7 23. f4 Rc8 24. e5 g5 25. Nd5 gxf4 26. Ncb6 Nxb6 27. Nf6+ 1-0

[Event "39th Olympiad Khanty-Mansiysk 2010"]
[Site "Khanty-Mansiysk/Russia"]
[Date "2010.09.21"]
[Round "1"]
[White "Felgaer, Ruben"]
[Black "Nanjo, Ryosuke"]
[Result "1-0"]
[WhiteElo "2597"]
[BlackElo "2257"]
[PlyCount "61"]
[EventDate "2010.??.??"]
[WhiteTeam "Argentina"]
[BlackTeam "Japan"]
[WhiteTeamCountry "ARG"]
[BlackTeamCountry "JPN"]
[TimeControl "40/5400+30:1800+30"]

1. e4 c5 2. Nf3 d6 3. d4 cxd4 4. Nxd4 Nf6 5. Nc3 a6 6. Be3 e6 7. g4 e5 8. Nf5
g6 9. g5 gxf5 10. exf5 d5 11. Qf3 Ne4 12. Nxe4 dxe4 13. Qxe4 Nc6 14. Bc4 Qa5+
15. c3 Ne7 16. O-O-O Bxf5 17. Qxb7 Rc8 18. Qxa6 Qc7 19. Bb6 Qb8 20. Bb5+ Nc6
21. Ba5 Be7 22. Bxc6+ Kf8 23. h4 Kg7 24. Bd7 Ba3 25. Qe2 Bxd7 26. Rxd7 Rc5 27.
Bc7 Qe8 28. Rhd1 Qe6 29. Kb1 Rc8 30. Bd8 Bxb2 31. Bf6+ 1-0

[Event "39th Olympiad Khanty-Mansiysk 2010"]
[Site "Khanty-Mansiysk/Russia"]
[Date "2010.09.21"]
[Round "1"]
[White "Salgado Lopez, Ivan"]
[Black "Goutali, Tarek"]
[Result "1/2-1/2"]
[WhiteElo "2595"]
[BlackElo "2261"]
[PlyCount "129"]
[EventDate "2010.??.??"]
[WhiteTeam "Espana"]
[BlackTeam "Algeria"]
[WhiteTeamCountry "ESP"]
[BlackTeamCountry "ALG"]
[TimeControl "40/5400+30:1800+30"]

1. d4 d6 2. Bg5 Nd7 3. Nc3 Ngf6 4. Nf3 c6 5. e4 e5 6. Be2 Be7 7. O-O h6 8. Be3
b5 9. a3 a6 10. Nh4 exd4 11. Qxd4 c5 12. Qd1 Nb6 13. Bf3 Ra7 14. b3 O-O 15. g3
Be6 16. a4 b4 17. Ne2 Ng4 18. Ng2 Nxe3 19. Nxe3 Bf6 20. Rb1 Rd7 21. Nf4 Bg5 22.
Nxe6 fxe6 23. Bg4 Re7 24. Qe2 a5 25. Rbe1 Bf6 26. Qb5 Nd7 27. Bh3 Bd4 28. Kh1
Nf6 29. Nc4 d5 30. Nxa5 Nxe4 31. Nc6 Qd6 32. Nxe7+ Qxe7 33. f3 Nf2+ 34. Kg2
Nxh3 35. Kxh3 Qf7 36. Kg2 e5 37. a5 Ra8 38. a6 Kh7 39. Ra1 Bxa1 40. Rxa1 e4 41.
fxe4 dxe4 42. Qxc5 Rxa6 43. Rf1 Rf6 44. Re1 Qb7 45. Re3 Rc6 46. Qf5+ g6 47. Qf2
Qc7 48. Re2 e3 49. Qf4 Rxc2 50. Qxc7+ Rxc7 51. Rxe3 Rc2+ 52. Kf3 g5 53. h3 Kg6
54. g4 h5 55. Re6+ Kf7 56. Re3 Kg6 57. Rd3 hxg4+ 58. hxg4 Kf6 59. Re3 Rc5 60.
Ke2 Re5 61. Rxe5 Kxe5 62. Ke3 Kd5 63. Kd3 Ke5 64. Ke3 Kd5 65. Kd3 1/2-1/2

[Event "39th Olympiad Khanty-Mansiysk 2010"]
[Site "Khanty-Mansiysk/Russia"]
[Date "2010.09.21"]
[Round "1"]
[White "Banikas, Hristos"]
[Black "Machin, Rivera Mark"]
[Result "1-0"]
[WhiteElo "2590"]
[BlackElo "2229"]
[PlyCount "106"]
[EventDate "2010.??.??"]
[WhiteTeam "Greece"]
[BlackTeam "Puerto Rico"]
[WhiteTeamCountry "GRE"]
[BlackTeamCountry "PUR"]
[TimeControl "40/5400+30:1800+30"]

1. d4 Nf6 2. c4 g6 3. Nc3 Bg7 4. e4 d6 5. f3 O-O 6. Be3 c5 7. Nge2 Nc6 8. d5
Ne5 9. Ng3 e6 10. Be2 exd5 11. cxd5 a6 12. a4 h5 13. O-O Re8 14. Qd2 h4 15. Nh1
Nh7 16. Nf2 f5 17. Kh1 Bd7 18. Rg1 Kh8 19. g4 fxg4 20. f4 g3 21. hxg3 Nf7 22.
Rg2 g5 23. gxh4 gxf4 24. Bxf4 Be5 25. Bxe5+ Nxe5 26. Qh6 Qf6 27. Qxf6+ Nxf6 28.
Nd3 Nxd3 29. Bxd3 Ng4 30. Be2 Ne5 31. Rg5 Re7 32. Rf1 Rg8 33. Rf6 Nf7 34. Rxg8+
Kxg8 35. Bh5 Ne5 36. Rxd6 Rh7 37. Be2 Rxh4+ 38. Kg2 Kf7 39. a5 Rf4 40. Rb6 Bc8
41. Kg3 Rf6 42. Na4 Rxb6 43. axb6 Ke7 44. Nxc5 Kd6 45. Kf4 Ng6+ 46. Kg5 Nf8 47.
Nd3 Nd7 48. Bf3 Nxb6 49. e5+ Ke7 50. d6+ Kd8 51. Kf6 Nc4 52. b3 Na5 53. Bd5 Ke8
1-0

[Event "39th Olympiad Khanty-Mansiysk 2010"]
[Site "Khanty-Mansiysk/Russia"]
[Date "2010.09.21"]
[Round "1"]
[White "Fier, Alexandr"]
[Black "Sakr, Nassim"]
[Result "1-0"]
[WhiteElo "2588"]
[BlackElo "2177"]
[PlyCount "47"]
[EventDate "2010.??.??"]
[WhiteTeam "Brazil"]
[BlackTeam "Lebanon"]
[WhiteTeamCountry "BRA"]
[BlackTeamCountry "LBN"]
[TimeControl "40/5400+30:1800+30"]

1. e4 c5 2. Nf3 d6 3. d4 Nf6 4. Nc3 cxd4 5. Nxd4 a6 6. Bg5 e6 7. f4 Nc6 8. Nxc6
bxc6 9. e5 h6 10. Bh4 g5 11. fxg5 Nd5 12. Ne4 Qb6 13. Bd3 hxg5 14. Bg3 Nf4 15.
Bxf4 gxf4 16. Nxd6+ Bxd6 17. exd6 Rb8 18. Qg4 Qd4 19. Qg5 Qxd6 20. O-O-O Qd4
21. c3 Qe3+ 22. Kb1 Qf2 23. Bc2 Bd7 24. Qe5 1-0

[Event "39th Olympiad Khanty-Mansiysk 2010"]
[Site "Khanty-Mansiysk/Russia"]
[Date "2010.09.21"]
[Round "1"]
[White "Bluvshtein, Mark"]
[Black "Paiva, Donaldo"]
[Result "1-0"]
[WhiteElo "2583"]
[BlackElo "2138"]
[PlyCount "63"]
[EventDate "2010.??.??"]
[WhiteTeam "Canada"]
[BlackTeam "Mozambique"]
[WhiteTeamCountry "CAN"]
[BlackTeamCountry "MOZ"]
[TimeControl "40/5400+30:1800+30"]

1. d4 Nf6 2. c4 g6 3. Nc3 Bg7 4. e4 d6 5. h3 O-O 6. Be3 c5 7. Nf3 Qa5 8. Bd3
cxd4 9. Nxd4 Nc6 10. Nb3 Qd8 11. f4 e5 12. O-O exf4 13. Bxf4 Nh5 14. Bh2 Ne5
15. Be2 Be6 16. c5 Qg5 17. Qc1 Qxc1 18. Raxc1 Bh6 19. Rcd1 Nc4 20. g4 Ng7 21.
Bxd6 Rfd8 22. Bxc4 Bxc4 23. Rf3 Ne6 24. Na5 Ba6 25. b4 Bg7 26. e5 b6 27. Nc6
Ng5 28. Re3 Re8 29. Ne7+ Kh8 30. b5 Bc8 31. c6 a6 32. Ncd5 1-0

[Event "39th Olympiad Khanty-Mansiysk 2010"]
[Site "Khanty-Mansiysk/Russia"]
[Date "2010.09.21"]
[Round "1"]
[White "Vocaturo, Daniele"]
[Black "Pace, Colin"]
[Result "1-0"]
[WhiteElo "2581"]
[BlackElo "2161"]
[PlyCount "49"]
[EventDate "2010.??.??"]
[WhiteTeam "Italy"]
[BlackTeam "Malta"]
[WhiteTeamCountry "ITA"]
[BlackTeamCountry "MLT"]
[TimeControl "40/5400+30:1800+30"]

1. e4 c5 2. Nf3 g6 3. d4 Bg7 4. dxc5 Qa5+ 5. c3 Qxc5 6. Na3 Nf6 7. Nb5 b6 8. b4
Qc6 9. e5 Ne4 10. Nfd4 Qb7 11. Bd3 a6 12. Qe2 axb5 13. Bxe4 Nc6 14. Qf3 O-O 15.
Nxc6 dxc6 16. Bxc6 Qc7 17. Bxa8 Bg4 18. Qxg4 Qxc3+ 19. Ke2 Qxa1 20. Bd5 e6 21.
Bb3 Rc8 22. Qg5 Bxe5 23. Rd1 Bf6 24. Qe3 Rc3 25. Qd2 1-0

[Event "39th Olympiad Khanty-Mansiysk 2010"]
[Site "Khanty-Mansiysk/Russia"]
[Date "2010.09.21"]
[Round "1"]
[White "Morovic Fernandez, Ivan"]
[Black "Lodhi, Mahmood"]
[Result "1-0"]
[WhiteElo "2580"]
[BlackElo "2391"]
[PlyCount "61"]
[EventDate "2010.??.??"]
[WhiteTeam "Chile"]
[BlackTeam "Pakistan"]
[WhiteTeamCountry "CHI"]
[BlackTeamCountry "PAK"]
[TimeControl "40/5400+30:1800+30"]

1. d4 Nf6 2. c4 c5 3. d5 d6 4. Nc3 g6 5. e4 Bg7 6. Nf3 O-O 7. h3 e6 8. Be2 exd5
9. exd5 Nbd7 10. O-O a6 11. Bf4 Qc7 12. Qd2 Re8 13. Rfe1 Nb6 14. Bd3 Bd7 15.
Ng5 Rxe1+ 16. Rxe1 Re8 17. Nge4 Nxe4 18. Nxe4 Nc8 19. Bg5 f5 20. Nf6+ Bxf6 21.
Bxf6 Kf7 22. Bg5 b5 23. Bh6 Qd8 24. Rxe8 Bxe8 25. Bg5 Qd7 26. Qa5 Qb7 27. Qd8
Qd7 28. Qf6+ Kg8 29. cxb5 axb5 30. Bxb5 Qxb5 31. Bh6 1-0

[Event "39th Olympiad Khanty-Mansiysk 2010"]
[Site "Khanty-Mansiysk/Russia"]
[Date "2010.09.21"]
[Round "1"]
[White "Votava, Jan"]
[Black "Al Ali, Omar Noaman"]
[Result "1-0"]
[WhiteElo "2579"]
[BlackElo "2220"]
[PlyCount "75"]
[EventDate "2010.??.??"]
[WhiteTeam "Czech Republic"]
[BlackTeam "United Arab Emirates"]
[WhiteTeamCountry "CZE"]
[BlackTeamCountry "UAE"]
[TimeControl "40/5400+30:1800+30"]

1. e4 c6 2. d4 d5 3. e5 Bf5 4. Nd2 e6 5. Nb3 Nd7 6. Nf3 Ne7 7. Be2 h6 8. O-O g5
9. Ne1 Bg6 10. Nd3 Nf5 11. Bd2 h5 12. a4 Be7 13. a5 Rc8 14. Rc1 Nb8 15. Bb4
Bxb4 16. Nxb4 b6 17. Nd3 Kf8 18. Qd2 Kg7 19. axb6 axb6 20. Ra1 Nd7 21. Rfc1 c5
22. dxc5 Nxc5 23. Nbxc5 bxc5 24. b3 c4 25. Ne1 c3 26. Qd1 Qc7 27. Nd3 Nd4 28.
Ra4 Nxe2+ 29. Qxe2 Bxd3 30. cxd3 Qb8 31. Qe3 Kg6 32. h4 gxh4 33. Rxh4 f5 34.
exf6 Kf7 35. b4 c2 36. Qg5 Rh7 37. Rxh5 Rxh5 38. Qg7+ 1-0